 Dungeon Crawl Stone Soup version 0.30-a0-395-gfe72c296f8 (webtiles) character file.

Game seed: 15480464913785498423

382 Bnni the Insei (level 6, 0/41 HPs)
             Began as an Octopode Transmuter on Dec 7, 2022.
             Slain by a ball python (3 damage)
             ... in a sewer.
             The game lasted 00:04:17 (2531 turns).

Bnni the Insei (Octopode Transmuter)                Turns: 2531, Time: 00:04:18

Health: 0/41       AC:  1    Str:  9    XL:     6   Next: 76%
Magic:  8/10       EV: 10    Int: 18    God:
Gold:   108        SH:  0    Dex: 12    Spells: 5/11 levels left

rFire   . . .      SeeInvis .      - Unarmed
rCold   . . .      Faith    .    (no shield)
rNeg    . . .      Spirit   .    (helmet restricted)
rPois   .          Reflect  .    (no amulet)
rElec   .          Harm     .    (no ring)
rCorr   .          Rampage  .    (no ring)
Will    .....                    (no ring)
Stlth   +++.......               (no ring)
HPRegen 0.26/turn                (no ring)
MPRegen 0.12/turn                (no ring)
                                 (no ring)
                                 (no ring)

@: wereblooded, constricted
A: almost no armour, amphibious, 8 rings, camouflage 1, gelatinous body 1,
nimble swimmer 1, tentacles
a: no special abilities


You were in a sewer.
You visited 1 branch of the dungeon, and saw 3 of its levels.
You also visited: Sewer.

You collected 108 gold pieces.

Inventory:

Scrolls
 c - 2 scrolls of brand weapon {unknown}
 d - 3 scrolls of blinking {unknown}
 f - 2 scrolls of magic mapping {unknown}
 g - 3 scrolls of identify {unknown}
 h - 3 scrolls of immolation {unknown}
 j - a scroll of noise {unknown}
 k - a scroll of vulnerability {unknown}
 l - a scroll of fog {unknown}
 m - a scroll of poison {unknown}
 q - a scroll of enchant weapon {unknown}
 r - a scroll of acquirement {unknown}
 s - a scroll of fear {unknown}
Potions
 a - a potion of lignification
 b - a potion of haste {unknown}
 e - 3 potions of curing {unknown}
 i - a potion of might {unknown}
 n - a potion of brilliance {unknown}
 o - a potion of resistance {unknown}
 p - 2 potions of mutation {unknown}


   Skills:
 + Level 2.7 Fighting
 - Level 2.0 Dodging
 * Level 4.6 Unarmed Combat
 + Level 3.0 Spellcasting
 * Level 4.0 Transmutations
 + Level 2.3 Poison Magic


You had 5 spell levels left.
You knew the following spells:

 Your Spells              Type           Power      Damage    Failure   Level
a - Beastly Appendage     Tmut           34%        N/A       3%          1
b - Wereblood             Tmut           17%        N/A       4%          2
c - Spider Form           Tmut/Pois      14%        N/A       13%         3

Your spell library contained the following spells:

 Spells                   Type           Power      Damage    Failure   Level
 Shock                    Conj/Air       8%         1d3       16%         1
 Swiftness                Air            2%         N/A       43%         3
 Ice Form                 Ice/Tmut       10%        N/A       56%         4
 Airstrike                Air            1%         2d(1-17)  85%         4


Dungeon Overview and Level Annotations

Branches:
Dungeon (3/15)              Sewer (1/1)

Altars:
Qazlal


Innate Abilities, Weirdness & Mutations

You cannot wear most types of armour.
You are amphibious.
You can wear up to eight rings at the same time.
Your skin changes colour to match your surroundings (Stealth+).
Your rubbery body absorbs attacks. (AC +1, EV +1)
You are camouflaged when in or above water. (Stealth+)
You have tentacles for arms and can constrict up to eight enemies at once.


Message History

Unknown command.
You completely miss the ball python. You grab the ball python.
You constrict the ball python. You constrict the bullfrog.
The bullfrog hits you but does no damage.
The ball python barely misses you. The ball python closely misses you.
The bullfrog hits you! The ball python bites you. The ball python grabs you.
The ball python constricts you. The ball python closely misses you.
The bullfrog hits you!
You tentacle-slap the ball python.
The ball python is severely wounded.
You constrict the ball python.
You feel a bit better.
You kill the ball python!
You constrict the bullfrog. The bullfrog closely misses you.
The bullfrog hits you. The ball python loses its grip on you.
The ball python closely misses you. The ball python grabs you.
The ball python constricts you. The bullfrog closely misses you.
You barely miss the bullfrog. You squeeze the bullfrog!
The bullfrog is severely wounded.
You constrict the bullfrog. The ball python barely misses you.
The bullfrog barely misses you.
The ball python bites you but does no damage.
The ball python bites you. The ball python constricts you.
The bullfrog hits you. The frilled lizard misses you.
The ball python bites you.
You tentacle-slap the bullfrog.
You feel a bit better.
You kill the bullfrog!
The ball python bites you. The bullfrog closely misses you.
The ball python barely misses you. The ball python constricts you.
The ball python completely misses you. The frilled lizard barely misses you.
Your Spellcasting skill increases to level 3!
Your Transmutations skill increases to level 4!
You closely miss the bullfrog. Your grab misses the bullfrog.
You squeeze the bullfrog!
The bullfrog is heavily wounded.
The bullfrog hits you!
* * * LOW HITPOINT WARNING * * *
The ball python bites you.
* * * LOW HITPOINT WARNING * * *
The ball python bites you.
You die...

#≈≈≈≈≈~#
#≈≈~~≈≈#
#≈≈≈≈~~#
#≈≈≈~≈≈#
##.~~~##
#≈≈≈~≈≈#
#.~[.~≈#
#≈≈≈#~≈#
#≈~~~~≈#
#≈≈≈≈.≈#
#~~≈≈≈≈#
#≈≈≈≈.≈#
#~≈≈≈≈≈#
#≈≈≈≈~≈#
#≈~~≈≈≈#
#≈≈l~#≈#
#≈≈≈~≈≈#
#≈@S~≈≈#
#≈≈≈≈~≈#
#FSS≈≈≈#
#≈≈≈≈~≈#
#≈lJ≈≈≈#
##≈≈≈≈~≈#
#≈≈≈~≈≈#
###~.~~##
##.~~~.#
##......#
......#
#†.....##
......#
.†.....#
......#
......##


You could see a bullfrog, an endoplasm, 3 ball pythons and 2 frilled lizards.

Vanquished Creatures
  Sigmund (D:2)
  A bullfrog (Sewer)
  5 adders
  4 river rats (Sewer)
  A dart slug (D:1)
  3 endoplasms
  4 giant cockroaches
  4 goblins
  8 hobgoblins
  5 quokkas
  9 ball pythons
  6 bats
  2 frilled lizards
  5 kobolds
  27 rats
85 creatures vanquished.

Notes
Turn   | Place    | Note
-------+----------+-------------------------------------------
     0 | D:1      | Bnni the Octopode Transmuter began the quest for the Orb.
     0 | D:1      | Reached XP level 1. HP: 13/13 MP: 3/3
   105 | D:1      | Reached XP level 2. HP: 18/18 MP: 5/5
   260 | D:1      | Learned a level 2 spell: Wereblood
   409 | D:1      | Reached XP level 3. HP: 23/23 MP: 6/6
   413 | D:1      | Learned a level 3 spell: Spider Form
   968 | D:2      | Found a stormy altar of Qazlal.
   996 | D:2      | Noticed Sigmund
  1010 | D:2      | Killed Sigmund
  1011 | D:2      | Reached skill level 1 in Poison Magic
  1011 | D:2      | Reached XP level 4. HP: 3/30 MP: 4/8
  1011 | D:2      | Reached XP level 5. HP: 4/35 MP: 4/9
  1465 | D:2      | Found a faded altar of an unknown god.
  2175 | D:3      | Found a glowing drain.
  2183 | D:3      | Reached XP level 6. HP: 41/41 MP: 10/10
  2226 | Sewer    | Entered a sewer
  2531 | Sewer    | Slain by a ball python

Illustrated notes

Levels and vault maps discovered:
D:1:      dpeg_arrival_arbitrary_a, layout_basic, palyth_stone_intersect,
          minmay_surrounded
D:2:      layout_basic, basic_altar, nicolae_ecumenical_oubliette,
          amcnicky_mini_pool_small, uniq_sigmund
D:3:      layout_loops_ring, minitemple, mainiacjoe_overflow_alcove_1,
          gup_sewer_entry_pipe, minmay_misc_feat_diagonals
Sewer:    sewer_minmay_w

Skill      XL: |  1  2  3  4  5  6 |
---------------+-------------------+-----
Fighting       | 2 |  2.7
Unarmed Combat | 4 |  4.6
Transmutations | 3 4 |  4.0
Poison Magic   | 1 2 |  2.3
Spellcasting   | 3 |  3.0
Dodging        | |  2.0

Action                   |  1- 3 |  4- 6 || total
-------------------------+-------+-------++-------
Melee: Unarmed           |    66 |   138 ||   204
       Constrict         |    16 |    33 ||    49
       Tentacles         |    12 |    16 ||    28
       Punch             |     4 |     4 ||     8
       Kick              |     1 |       ||     1
 Cast: Beastly Appendage |     2 |       ||     2
       Spider Form       |     1 |     1 ||     2
       Wereblood         |       |     6 ||     6
 Stab: Sleeping          |     5 |     2 ||     7
Armor: Skin              |     8 |    21 ||    29
Dodge: Dodged            |    34 |   135 ||   169

Table legend: (Time is in decaauts)
 A = Elapsed time spent in this place.
 B = Non-inter-level travel time spent in this place.
 C = Inter-level travel time spent in this place.
 D = Time resting spent in this place.
 E = Time spent auto-exploring this place.
 F = Levels seen in this place.
 G = Mean time per level.
                   A        B        C        D        E       F      G
               +--------+--------+--------+--------+--------+-----+--------+
         Total |   2520 |   2369 |    151 |    244 |   1609 |   4 |  630.0 |
       Dungeon |   2222 |   2071 |    151 |    155 |   1566 |   3 |  740.7 |
         Sewer |    297 |    297 |      0 |     89 |     43 |   1 |  297.0 |
               +--------+--------+--------+--------+--------+-----+--------+

Top non-repeatable levels by time:
     D:2: 1108 daAuts
     D:1: 1014 daAuts
   Sewer: 297 daAuts
     D:3: 98 daAuts
